| TOP OF THE 1ST |
|
Lakewood BlueClaws batting - Pitching for South Bend Cubs : RHP Melvin Orengo
|
|
Pitching: RHP Melvin Orengo
|
|
|
Batting: LHB Matt Urbanek
|
0-0: Ball 1-0: Ball 2-0: Ball 3-0: Called Strike 3-1: Base on Balls
|
|
Batting: RHB Vaclav Been
|
0-0: Ball Matt Urbanek is caught stealing 2nd base 2-4 1-0: Swinging Strike 1-1: Called Strike 1-2: Strikes out looking
|
|
Batting: RHB Mike Bell
|
0-0: Ball 1-0: Reached on error, E5 (Groundball, 5L, EV 81.9 MPH)
|
|
Batting: RHB Victor Arias
|
0-0: Foul Ball, location: 2F 0-1: Ball 1-1: Foul Ball, location: 2F 1-2: Ball 2-2: Foul Ball, location: 2F 2-2: Foul Ball, location: 2F 2-2: Ball 3-2: Strikes out swinging
|
| Top of the 1st over - 0 runs, 0 hits, 1 error, 1 left on base; Lakewood 0 - South Bend 0 |
| BOTTOM OF THE 1ST |
|
South Bend Cubs batting - Pitching for Lakewood BlueClaws : RHP Jamie Gordam
|
|
Pitching: RHP Jamie Gordam
|
|
|
Batting: RHB Andy Huntley
|
0-0: Ball 1-0: Ball 2-0: Ground out 6-3 (Groundball, 6, EV 90.0 MPH)
|
|
Batting: RHB Puluke Konane
|
0-0: Fly out, F8 (Flyball, 8LD, EV 90.0 MPH)
|
|
Batting: RHB Roy Battist
|
0-0: Ball 1-0: Ball 2-0: Ball 3-0: Base on Balls
|
|
Batting: RHB Juan Bonilla
|
0-0: Swinging Strike 0-1: Ball 1-1: Foul Ball, location: 2F 1-2: Fielders Choice at 2nd, 5-4 (Groundball, 56, EV 81.9 MPH)
|
| Bottom of the 1st over - 0 runs, 0 hits, 0 errors, 1 left on base; Lakewood 0 - South Bend 0 |
| TOP OF THE 2ND |
|
Lakewood BlueClaws batting - Pitching for South Bend Cubs : RHP Melvin Orengo
|
|
Batting: LHB Eric Farren
|
0-0: Ball 1-0: Called Strike 1-1: Fly out, F3 (Popup, 23F, EV 83.8 MPH)
|
|
Batting: RHB Trent Hedrick
|
0-0: Called Strike 0-1: Foul Ball, location: 2F 0-2: Ball 1-2: Ball 2-2: Fly out, F8 (Flyball, 8RM, EV 95.0 MPH)
|
|
Batting: SHB Steve DeRienzo
|
0-0: Ball 1-0: SOLO HOME RUN (Flyball, 9LD, EV 93.8 MPH), Distance : 355 ft
|
|
Batting: RHB Johnny Burroughs
|
0-0: Ball 1-0: Ball 2-0: Ball 3-0: Called Strike 3-1: Foul Ball, location: 2F 3-2: Base on Balls
|
|
Batting: RHB Cory Bonham
|
0-0: Ball 1-0: Foul Ball, location: 2F 1-1: Foul Ball, location: 2F 1-2: Foul Ball, location: 2F 1-2: Fly out, F8 (Flyball, 78S, EV 79.4 MPH)
|
| Top of the 2nd over - 1 run, 1 hit, 0 errors, 1 left on base; Lakewood 1 - South Bend 0 |
| BOTTOM OF THE 2ND |
|
South Bend Cubs batting - Pitching for Lakewood BlueClaws : RHP Jamie Gordam
|
|
Batting: RHB Han-seung Hah
|
0-0: Ball 1-0: Ball 2-0: Ball 3-0: Called Strike 3-1: Base on Balls
|
|
Batting: RHB Denis Rachin
|
0-0: Called Strike 0-1: Ball 1-1: Grounds into double play, 6-4-3 (Groundball, 6, EV 109.4 MPH)
|
|
Batting: LHB Adam Conover
|
0-0: Ball 1-0: Ball 2-0: Called Strike 2-1: Swinging Strike 2-2: Foul Ball, location: 2F 2-2: Foul Ball, location: 2F 2-2: SOLO HOME RUN (Flyball, 9D, EV 98.8 MPH), Distance : 389 ft
|
|
Batting: RHB Ryan Bush
|
0-0: Ball 1-0: Called Strike 1-1: Foul Ball, location: 2F 1-2: Strikes out looking
|
| Bottom of the 2nd over - 1 run, 1 hit, 0 errors, 0 left on base; Lakewood 1 - South Bend 1 |
| TOP OF THE 3RD |
|
Lakewood BlueClaws batting - Pitching for South Bend Cubs : RHP Melvin Orengo
|
|
Batting: LHB Matt Urbanek
|
0-0: Ball 1-0: Reached on error, E3 (Groundball, 34, EV 85.6 MPH)
|
|
Batting: RHB Vaclav Been
|
0-0: Ball 1-0: Ball Matt Urbanek is caught stealing 2nd base 2-4 2-0: Swinging Strike 2-1: Ball 3-1: SOLO HOME RUN (Line Drive, 78XD, EV 106.2 MPH), Distance : 438 ft
|
|
Batting: RHB Mike Bell
|
0-0: Ball 1-0: Ball 2-0: Foul Ball, location: 2F 2-1: Called Strike 2-2: Ground out 5-3 (Groundball, 56, EV 99.4 MPH)
|
|
Batting: RHB Victor Arias
|
0-0: Ball 1-0: Called Strike 1-1: Called Strike 1-2: Foul Ball, location: 2F 1-2: Ground out 4-3 (Groundball, 4, EV 103.8 MPH)
|
| Top of the 3rd over - 1 run, 1 hit, 1 error, 0 left on base; Lakewood 2 - South Bend 1 |
| BOTTOM OF THE 3RD |
|
South Bend Cubs batting - Pitching for Lakewood BlueClaws : RHP Jamie Gordam
|
|
Batting: RHB Hugo Torrez
|
0-0: Called Strike 0-1: Fly out, F3 (Popup, 3SF, EV 80.0 MPH)
|
|
Batting: RHB Andy Huntley
|
0-0: Ball 1-0: Foul Ball, location: 2F 1-1: Called Strike 1-2: Ball 2-2: Ball 3-2: Ground out 5-3 (Groundball, 56, EV 103.8 MPH)
|
|
Batting: RHB Puluke Konane
|
0-0: Ball 1-0: Fly out, F9 (Flyball, 89M, EV 83.1 MPH)
|
| Bottom of the 3rd over - 0 runs, 0 hits, 0 errors, 0 left on base; Lakewood 2 - South Bend 1 |
| TOP OF THE 4TH |
|
Lakewood BlueClaws batting - Pitching for South Bend Cubs : RHP Melvin Orengo
|
|
Batting: LHB Eric Farren
|
0-0: Called Strike 0-1: Ground out 5-3 (Groundball, 56, EV 105.0 MPH)
|
|
Batting: RHB Trent Hedrick
|
0-0: Ground out 3-1 (Groundball, 34, EV 85.6 MPH)
|
|
Batting: SHB Steve DeRienzo
|
0-0: Called Strike 0-1: Called Strike 0-2: Foul Ball, location: 2F 0-2: Ground out U3 (Groundball, 34S, EV 85.6 MPH)
|
| Top of the 4th over - 0 runs, 0 hits, 0 errors, 0 left on base; Lakewood 2 - South Bend 1 |
| BOTTOM OF THE 4TH |
|
South Bend Cubs batting - Pitching for Lakewood BlueClaws : RHP Jamie Gordam
|
|
Batting: RHB Roy Battist
|
0-0: Ball 1-0: Called Strike 1-1: Called Strike 1-2: Ball 2-2: Ball 3-2: Strikes out swinging
|
|
Batting: RHB Juan Bonilla
|
0-0: Ball 1-0: Foul Ball, location: 2F 1-1: Foul Ball, location: 2F 1-2: Ball 2-2: Ball 3-2: DOUBLE (Flyball, 78XD, EV 106.9 MPH)
|
|
Batting: RHB Han-seung Hah
|
0-0: Foul Ball, location: 2F 0-1: Foul Ball, location: 2F 0-2: Ball 1-2: Ball Wild Pitch! Juan Bonilla to third 2-2: Strikes out swinging
|
|
Batting: RHB Denis Rachin
|
0-0: Ball 1-0: Swinging Strike 1-1: 2-RUN HOME RUN (Flyball, 7LD, EV 98.1 MPH), Distance : 363 ft
|
|
Batting: LHB Adam Conover
|
0-0: Ball 1-0: SOLO HOME RUN (Flyball, 89XD, EV 108.1 MPH), Distance : 411 ft
|
|
Batting: RHB Ryan Bush
|
0-0: Ball 1-0: Ball 2-0: Ball 3-0: Base on Balls
|
|
Batting: RHB Hugo Torrez
|
0-0: Ball 1-0: Called Strike 1-1: Ball 2-1: Ball 3-1: Called Strike 3-2: DOUBLE (Flyball, 78D, EV 86.2 MPH) Ryan Bush to third Ryan Bush scores
|
|
Pitching: RHP Jeff van Schaik
|
|
|
Batting: RHB Andy Huntley
|
0-0: Fly out, F8 (Line Drive, 8RM, EV 96.9 MPH)
|
| Bottom of the 4th over - 4 runs, 4 hits, 0 errors, 1 left on base; Lakewood 2 - South Bend 5 |
| TOP OF THE 5TH |
|
Lakewood BlueClaws batting - Pitching for South Bend Cubs : RHP Melvin Orengo
|
|
Batting: RHB Johnny Burroughs
|
0-0: Ball 1-0: Foul Ball, location: 2F 1-1: Foul Ball, location: 2F 1-2: Fly out, F9 (Flyball, 89S, EV 90.0 MPH)
|
|
Batting: RHB Cory Bonham
|
0-0: Reached on error, E5 (Groundball, 56, EV 83.8 MPH)
|
|
Batting: LHB Matt Urbanek
|
0-0: Ball 1-0: Ground out 2-3 (Groundball, 2R, EV 68.8 MPH) Cory Bonham to third
|
|
Batting: RHB Vaclav Been
|
0-0: Called Strike 0-1: Foul Ball, location: 2F 0-2: Ball 1-2: Strikes out swinging, 2-3 out at first.
|
| Top of the 5th over - 0 runs, 0 hits, 1 error, 1 left on base; Lakewood 2 - South Bend 5 |
| BOTTOM OF THE 5TH |
|
South Bend Cubs batting - Pitching for Lakewood BlueClaws : RHP Jeff van Schaik
|
|
Batting: RHB Puluke Konane
|
0-0: Ball 1-0: Ground out 6-3 (Groundball, 6, EV 89.4 MPH)
|
|
Batting: RHB Roy Battist
|
0-0: Ball 1-0: Ball 2-0: Swinging Strike 2-1: Ball 3-1: Base on Balls
|
|
Batting: RHB Juan Bonilla
|
0-0: Ball 1-0: Ball Roy Battist is caught stealing 2nd base 2-4 2-0: Ball 3-0: Called Strike 3-1: Base on Balls
|
|
Batting: RHB Han-seung Hah
|
0-0: Called Strike 0-1: Ball 1-1: Ball 2-1: Ball 3-1: Base on Balls Juan Bonilla to second
|
|
Batting: RHB Denis Rachin
|
0-0: Called Strike 0-1: Swinging Strike 0-2: Ball 1-2: Foul Ball, location: 2F 1-2: Ball 2-2: Ball 3-2: Base on Balls Juan Bonilla to third Han-seung Hah to second
|
|
Batting: LHB Adam Conover
|
0-0: Ball 1-0: Called Strike 1-1: Ball 2-1: Fly out, F9 (Flyball, 9, EV 81.9 MPH)
|
| Bottom of the 5th over - 0 runs, 0 hits, 0 errors, 3 left on base; Lakewood 2 - South Bend 5 |
| TOP OF THE 6TH |
|
Lakewood BlueClaws batting - Pitching for South Bend Cubs : RHP Melvin Orengo
|
|
Batting: RHB Mike Bell
|
0-0: Called Strike 0-1: Called Strike 0-2: Foul Ball, location: 2F 0-2: Ball 1-2: Ball 2-2: Ball 3-2: Ground out 4-3 (Groundball, 4, EV 83.8 MPH)
|
|
Pitching: RHP Angel Pesina
|
|
|
Batting: RHB Victor Arias
|
0-0: Called Strike 0-1: Swinging Strike 0-2: Foul Ball, location: 2F 0-2: Ball 1-2: Strikes out looking
|
|
Batting: LHB Eric Farren
|
0-0: Ball 1-0: Ground out 4-3 (Groundball, 4, EV 93.8 MPH)
|
| Top of the 6th over - 0 runs, 0 hits, 0 errors, 0 left on base; Lakewood 2 - South Bend 5 |
| BOTTOM OF THE 6TH |
|
South Bend Cubs batting - Pitching for Lakewood BlueClaws : RHP Jeff van Schaik
|
|
Batting: RHB Ryan Bush
|
0-0: Ball 1-0: Swinging Strike 1-1: Called Strike 1-2: Ball 2-2: Foul Ball, location: 2F 2-2: Foul Ball, location: 2F 2-2: Foul Ball, location: 2F 2-2: Ball 3-2: Ground out 6-3 (Groundball, 6, EV 92.5 MPH)
|
|
Batting: RHB Hugo Torrez
|
0-0: Ball 1-0: Called Strike 1-1: Foul Ball, location: 2F 1-2: Ball 2-2: Ground out 5-3 (Groundball, 56S, EV 69.4 MPH)
|
|
Batting: RHB Andy Huntley
|
0-0: Ball 1-0: Called Strike 1-1: Ground out 5-3 (Groundball, 56, EV 78.1 MPH)
|
| Bottom of the 6th over - 0 runs, 0 hits, 0 errors, 0 left on base; Lakewood 2 - South Bend 5 |
| TOP OF THE 7TH |
|
Lakewood BlueClaws batting - Pitching for South Bend Cubs : RHP Angel Pesina
|
|
Batting: RHB Trent Hedrick
|
0-0: Called Strike 0-1: Ball 1-1: Bunt missed! 1-2: Ball 2-2: Foul Ball, location: 2F 2-2: Foul Ball, location: 2F 2-2: Ball 3-2: Foul Ball, location: 2F 3-2: Base on Balls
|
|
Batting: SHB Steve DeRienzo
|
0-0: Sac Bunt to 13 - play at first, batter OUT! 1-3 Trent Hedrick to second
|
|
Batting: RHB Johnny Burroughs
|
0-0: Swinging Strike 0-1: Foul Ball, location: 2F 0-2: Ball 1-2: Foul Ball, location: 2F 1-2: DOUBLE (Flyball, 8LXD, EV 111.9 MPH) Trent Hedrick scores
|
|
Batting: RHB Cory Bonham
|
0-0: Fly out, F8 (Line Drive, 8RM, EV 98.8 MPH)
|
|
Batting: LHB Matt Urbanek
|
0-0: DOUBLE (Groundball, 5L, EV 103.8 MPH) Johnny Burroughs scores
|
|
Batting: RHB Vaclav Been
|
0-0: Swinging Strike 0-1: Ball 1-1: Fly out, F8 (Flyball, 8LD, EV 93.1 MPH)
|
| Top of the 7th over - 2 runs, 2 hits, 0 errors, 1 left on base; Lakewood 4 - South Bend 5 |
| BOTTOM OF THE 7TH |
|
South Bend Cubs batting - Pitching for Lakewood BlueClaws : RHP Jeff van Schaik
|
|
Pitching: RHP Ian Savary
|
|
|
Batting: RHB Puluke Konane
|
0-0: Ball 1-0: Ball 2-0: Ground out 4-3 (Groundball, 4M, EV 92.5 MPH)
|
|
Batting: RHB Roy Battist
|
0-0: Called Strike 0-1: Ball 1-1: Ball 2-1: Ball 3-1: Base on Balls
|
|
Batting: RHB Juan Bonilla
|
0-0: Called Strike 0-1: Grounds into double play, 5-4-3 (Groundball, 5L, EV 86.9 MPH)
|
| Bottom of the 7th over - 0 runs, 0 hits, 0 errors, 0 left on base; Lakewood 4 - South Bend 5 |
| TOP OF THE 8TH |
|
Lakewood BlueClaws batting - Pitching for South Bend Cubs : RHP Angel Pesina
|
|
Batting: RHB Mike Bell
|
0-0: Foul Ball, location: 2F 0-1: Ground out 6-3 (Groundball, 6, EV 81.2 MPH)
|
|
Batting: RHB Victor Arias
|
0-0: Ball 1-0: Ball 2-0: Ball 3-0: Called Strike 3-1: Foul Ball, location: 2F 3-2: Base on Balls
|
|
Pitching: RHP Eric Allen
|
|
|
Batting: LHB Eric Farren
|
0-0: Single, Error in OF, E9, batter to second base (Line Drive, 89M, EV 99.4 MPH) Victor Arias to third
|
|
Batting: RHB Trent Hedrick
|
0-0: Ball 1-0: SINGLE (Flyball, 4MD, EV 93.8 MPH) Victor Arias scores Eric Farren to third
|
|
Batting: SHB Steve DeRienzo
|
0-0: Fly out, F6 (Popup, 4M, EV 75.0 MPH)
|
|
Pinch Hitting: LHB Joel Moore
|
0-0: Swinging Strike 0-1: Foul Ball, location: 2F 0-2: Strikes out swinging
|
| Top of the 8th over - 1 run, 2 hits, 1 error, 2 left on base; Lakewood 5 - South Bend 5 |
| BOTTOM OF THE 8TH |
|
South Bend Cubs batting - Pitching for Lakewood BlueClaws : RHP Ian Savary
|
|
Pitching: RHP David Oviedo
|
|
|
Now at C: Dana Guthrie
|
|
|
Batting: RHB Han-seung Hah
|
0-0: Ball 1-0: Ball 2-0: Ball 3-0: Called Strike 3-1: DOUBLE (Line Drive, 7LM, EV 98.8 MPH)
|
|
Batting: RHB Denis Rachin
|
0-0: Ground out 5-3 (Groundball, 56, EV 86.9 MPH)
|
|
Batting: LHB Adam Conover
|
0-0: Called Strike 0-1: SINGLE (Line Drive, 34, EV 100.6 MPH) Han-seung Hah to third
|
|
Batting: RHB Ryan Bush
|
0-0: Ball 1-0: Ball 2-0: Foul Ball, location: 2F 2-1: Foul Ball, location: 2F 2-2: Ball 3-2: Grounds into double play, 4-6-3 (Groundball, 4M, EV 81.9 MPH)
|
| Bottom of the 8th over - 0 runs, 2 hits, 0 errors, 1 left on base; Lakewood 5 - South Bend 5 |
| TOP OF THE 9TH |
|
Lakewood BlueClaws batting - Pitching for South Bend Cubs : RHP Eric Allen
|
|
Batting: RHB Cory Bonham
|
0-0: Called Strike 0-1: Ball 1-1: Ball 2-1: Ground out 6-3 (Groundball, 6M, EV 89.4 MPH)
|
|
Batting: LHB Matt Urbanek
|
0-0: Fly out, F7 (Flyball, 7, EV 94.4 MPH)
|
|
Batting: RHB Vaclav Been
|
0-0: Called Strike 0-1: Ball 1-1: Ball 2-1: Fly out, F7 (Flyball, 78M, EV 73.1 MPH)
|
| Top of the 9th over - 0 runs, 0 hits, 0 errors, 0 left on base; Lakewood 5 - South Bend 5 |
| BOTTOM OF THE 9TH |
|
South Bend Cubs batting - Pitching for Lakewood BlueClaws : RHP David Oviedo
|
|
Batting: RHB Hugo Torrez
|
0-0: Ball 1-0: Ball 2-0: Ball 3-0: Base on Balls
|
|
Batting: RHB Andy Huntley
|
0-0: Called Strike 0-1: Fly out, F9 (Flyball, 89M, EV 77.5 MPH)
|
|
Batting: RHB Puluke Konane
|
0-0: Foul Ball, location: 2F 0-1: Ball 1-1: Called Strike Hugo Torrez steals 2nd base 1-2: Ball 2-2: Foul Ball, location: 2F 2-2: Foul Ball, location: 2F 2-2: Ball 3-2: Base on Balls
|
|
Batting: RHB Roy Battist
|
0-0: Swinging Strike 0-1: Foul Ball, location: 2F 0-2: Strikes out swinging
|
|
Batting: RHB Juan Bonilla
|
0-0: Called Strike 0-1: Foul Ball, location: 2F 0-2: Foul Ball, location: 2F 0-2: Strikes out swinging
|
| Bottom of the 9th over - 0 runs, 0 hits, 0 errors, 2 left on base; Lakewood 5 - South Bend 5 |
| TOP OF THE 10TH |
|
Lakewood BlueClaws batting - Pitching for South Bend Cubs : RHP Eric Allen
|
|
Batting: RHB Mike Bell
|
0-0: Swinging Strike 0-1: Called Strike 0-2: Strikes out looking
|
|
Batting: RHB Victor Arias
|
0-0: Called Strike 0-1: Ball 1-1: Ground out U3 (Groundball, 34, EV 82.5 MPH)
|
|
Batting: LHB Eric Farren
|
0-0: Called Strike 0-1: Ball 1-1: Swinging Strike 1-2: Strikes out swinging
|
| Top of the 10th over - 0 runs, 0 hits, 0 errors, 0 left on base; Lakewood 5 - South Bend 5 |
| BOTTOM OF THE 10TH |
|
South Bend Cubs batting - Pitching for Lakewood BlueClaws : RHP David Oviedo
|
|
Pitching: RHP Shamar Hansford
|
|
|
Batting: RHB Han-seung Hah
|
0-0: Called Strike 0-1: Ball 1-1: Fly out, F4 (Popup, 4, EV 52.5 MPH)
|
|
Batting: RHB Denis Rachin
|
0-0: Foul Ball, location: 2F 0-1: Ball 1-1: Ground out 5-3 (Groundball, 5L, EV 88.1 MPH)
|
|
Batting: LHB Adam Conover
|
0-0: Foul Ball, location: 2F 0-1: Ball 1-1: Ball 2-1: Ball 3-1: Swinging Strike 3-2: Foul Ball, location: 2F 3-2: Base on Balls
|
|
Batting: RHB Ryan Bush
|
0-0: Called Strike 0-1: Ball Adam Conover is caught stealing 2nd base 2-4
|
| Bottom of the 10th over - 0 runs, 0 hits, 0 errors, 0 left on base; Lakewood 5 - South Bend 5 |
| TOP OF THE 11TH |
|
Lakewood BlueClaws batting - Pitching for South Bend Cubs : RHP Eric Allen
|
|
Batting: RHB Trent Hedrick
|
0-0: Ball 1-0: SOLO HOME RUN (Flyball, 7D, EV 102.5 MPH), Distance : 395 ft
|
|
Batting: SHB Steve DeRienzo
|
0-0: Ball 1-0: Swinging Strike 1-1: Foul Ball, location: 2F 1-2: Strikes out swinging
|
|
Batting: SHB Dana Guthrie
|
0-0: Swinging Strike 0-1: Swinging Strike 0-2: Strikes out swinging
|
|
Batting: RHB Cory Bonham
|
0-0: Called Strike 0-1: Ball 1-1: Ground out 4-3 (Groundball, 4, EV 83.8 MPH)
|
| Top of the 11th over - 1 run, 1 hit, 0 errors, 0 left on base; Lakewood 6 - South Bend 5 |
| BOTTOM OF THE 11TH |
|
South Bend Cubs batting - Pitching for Lakewood BlueClaws : RHP Shamar Hansford
|
|
Batting: RHB Ryan Bush
|
0-0: Ball 1-0: Ball 2-0: Swinging Strike 2-1: Ball 3-1: Foul Ball, location: 2F 3-2: Fly out, F6 (Popup, 6S, EV 69.4 MPH)
|
|
Batting: RHB Hugo Torrez
|
0-0: Called Strike 0-1: Ball 1-1: Ball 2-1: SINGLE (Groundball, 56, EV 87.5 MPH) (infield hit)
|
|
Batting: RHB Andy Huntley
|
0-0: Ball 1-0: Called Strike Hugo Torrez steals 2nd, throwing error, E2 Hugo Torrez to third 1-1: Fly out, F7 (Flyball, 7S, EV 96.2 MPH) Runner from 3rd tags up, SCORES, throw by LF
|
|
Batting: RHB Puluke Konane
|
0-0: Foul Ball, location: 2F 0-1: SINGLE (Groundball, 4M, EV 100.6 MPH) (infield hit)
|
|
Batting: RHB Roy Battist
|
0-0: Ball Puluke Konane steals 2nd base (no throw) 1-0: Called Strike 1-1: Ball 2-1: SINGLE (Groundball, 34D, EV 103.8 MPH) Puluke Konane to third Runner from 3rd tries for Home, SAFE, throw by RF to home
|
| Bottom of the 11th over - 2 runs, 3 hits, 1 error, 1 left on base; Lakewood 6 - South Bend 7 |
|